 Dungeon Sprint DCSS version 0.29-a0-1019-g84f7d21838 (webtiles) character file.

Game seed: 6381140728495131939

207123 Hubris850 the End of an Era (level 18, -23/200 HPs)
             Began as a Hill Orc Monk on Aug 10, 2022.
             Was the Champion of Qazlal.
             Annihilated by Ekoogof the pandemonium lord (43 damage)
             ... in the Dungeon (Sprint VII: "The Pits").
             The game lasted 00:40:24 (6671 turns).

Hubris850 the End of an Era (Hill Orc Monk)         Turns: 6671, Time: 00:40:25

Health: -23/200    AC:  3    Str: 20    XL:     18   Next: 74%
Magic:  25/35      EV: 38    Int: 12    God:    Qazlal [******]
Gold:   157        SH:  8    Dex: 18    Spells: 17/17 levels left

rFire   . . .      SeeInvis .   (weapon currently unavailable)
rCold   . . .      Faith    .   (shield currently unavailable)
rNeg    . . .      Spirit   .   (body armour currently unavailable)
rPois   .          Reflect  .   (helmet currently unavailable)
rElec   .          Harm     +   (cloak currently unavailable)
rCorr   .          Rampage  .   (gloves currently unavailable)
Will    +....      NoTele   +   (boots currently unavailable)
Stlth   +.........              z - amulet of Kagienix {Harm Regen+ Int+2}
HPRegen 1.23/turn               (ring currently unavailable)
MPRegen 0.24/turn               (ring currently unavailable)

@: bat-form, protected from physical damage, flying, studying Axes, repel
missiles, very quick
A: fast, flying, no casting, tiny, (iridescent scales 1), clumsy 1, (fire
resistance 1)
}: 1/3 runes: silver
a: Renounce Religion, Upheaval, Elemental Force, Disaster Area


You were in the Dungeon.
You worshipped Qazlal.
Qazlal was exalted by your worship.
You were a bat.
You visited 1 branch You collected 157 gold pieces.

Inventory:

Hand Weapons
 J - a +7 eudemon blade of holy wrath (melded)
Missiles
 H - 4 javelins
 L - 5 silver javelins
Armour
 a - a +4 hat (melded)
 j - a +2 pair of boots of flying (melded)
 p - the +4 dragonskin cloak (melded)
   (You took it off Tiamat in the Dungeon)

   It grants the wearer a chance to resist fire, cold, poison, electricity,
   acid, and negative energy.
 K - a +2 tower shield (melded)
 N - the +3 pair of gauntlets of War (melded) {Slay+5}
   (You found it in the Dungeon)

   Slay:      It affects your accuracy & damage with ranged weapons and melee
   (+5).
 O - the +1 cloak "Valargh" {-Cast rPois Will+++ Int-5}
   (You found it in the Dungeon)

   Int:       It affects your intelligence (-5).
   rPois:     It protects you from poison.
   -Cast:     It prevents spellcasting.
   Will:      It greatly increases your willpower.
 P - +3 shadow dragon scales (melded)
Jewellery
 n - the ring of Hugesitzo {rPois rF+ Will+ rCorr Dex-2}
   (You found it in the Dungeon)

   [ring of willpower]

   Dex:       It affects your dexterity (-2).
   rF:        It protects you from fire.
   rPois:     It protects you from poison.
   rCorr:     It protects you from acid and corrosion.
   Will:      It increases your willpower.
 o - the ring "Vavus" {AC+4 Int+5}
   (You found it in the Dungeon)

   [ring of protection]

   AC:        It affects your AC (+4).
   Int:       It affects your intelligence (+5).
 s - the ring of Makhleb's Outrage {rC+ Will+ Int+2}
   (You found it in the Dungeon)

   [ring of willpower]

   Int:       It affects your intelligence (+2).
   rC:        It protects you from cold.
   Will:      It increases your willpower.
 t - the ring of Ompez {Fly Str+3}
   (You found it in the Dungeon)

   [ring of flight]

   Str:       It affects your strength (+3).
   Fly:       It grants you flight.
 w - the ring of Sitad {Str+6 Slay+5}
   (You found it in the Dungeon)

   [ring of slaying]

   Str:       It affects your strength (+6).
   Slay:      It affects your accuracy & damage with ranged weapons and melee
   (+5).
 y - an amulet of reflection
 z - the amulet of Kagienix (around neck) {Harm Regen+ Int+2}
   (You found it in the Dungeon)

   [amulet of regeneration]

   Int:       It affects your intelligence (+2).
   Regen:     It increases your rate of health regeneration.
   Harm:      It increases damage dealt and taken.
 B - the amulet of Doghig {Acrobat Int+5}
   (You found it in the Dungeon)

   [amulet of the acrobat]

   It increases your evasion while moving and waiting.
   Int:       It affects your intelligence (+5).
 C - the amulet of Beauty {Faith Str+4}
   (You found it in the Dungeon)

   [amulet of faith]

   It allows you to gain divine favour quickly.
   Str:       It affects your strength (+4).
 M - the amulet of Creativity {RegenMP rN+ Int-2 Slay+2}
   (You found it in the Dungeon)

   [amulet of magic regeneration]

   It increases your rate of magic regeneration.
   Int:       It affects your intelligence (-2).
   Slay:      It affects your accuracy & damage with ranged weapons and melee
   (+2).
   rN:        It protects you from negative energy.
 Q - the ring "Kazaqex" {rF+ Str+6}
   (You found it in the Dungeon)

   [ring of strength]

   Str:       It affects your strength (+6).
   rF:        It protects you from fire.
 R - the ring of Untruth {+Blink Str-5 Int+6 Dex+4}
   (You found it in the Dungeon)

   [ring of intelligence]

   Str:       It affects your strength (-5).
   Int:       It affects your intelligence (+6).
   Dex:       It affects your dexterity (+4).
   +Blink:    It lets you blink.
 S - the ring "Loededag" {rElec Int+6}
   (You found it in the Dungeon)

   [ring of intelligence]

   Int:       It affects your intelligence (+6).
   rElec:     It insulates you from electricity.
 T - the ring of Enoxkik (melded) {+Blink rF+ AC+6 SInv}
   (You found it in the Dungeon)

   [ring of protection]

   AC:        It affects your AC (+6).
   rF:        It protects you from fire.
   SInv:      It lets you see invisible.
   +Blink:    It lets you blink.
 U - the ring "Cyustir" {rElec Str+6}
   (You found it in the Dungeon)

   [ring of strength]

   Str:       It affects your strength (+6).
   rElec:     It insulates you from electricity.
 V - the ring of the Catamount {Fire Int+2 Dex+4 Stlth+}
   (You found it in the Dungeon)

   [ring of fire]

   It enhances your fire magic.
   Int:       It affects your intelligence (+2).
   Dex:       It affects your dexterity (+4).
   rF:        It protects you from fire.
   rC:        It makes you vulnerable to cold.
   Stlth:     It makes you more stealthy.
 W - the ring "Reguth" {+Blink rElec rN+ rCorr Str-5}
   (You found it in the Dungeon)

   [ring of positive energy]

   Str:       It affects your strength (-5).
   rElec:     It insulates you from electricity.
   rN:        It protects you from negative energy.
   +Blink:    It lets you blink.
   rCorr:     It protects you from acid and corrosion.
 X - the ring of Cubryet (melded) {Drain rC++ rN+ Str+6 Int+3}
   (You found it in the Dungeon)

   [ring of strength]

   Str:       It affects your strength (+6).
   Int:       It affects your intelligence (+3).
   rC:        It greatly protects you from cold.
   rN:        It protects you from negative energy.
   Drain:     It drains your maximum health when unequipped.
 Y - the ring of Jiulimmo {rC+ rN+ rCorr Int+4 Dex+6}
   (You found it in the Dungeon)

   [ring of dexterity]

   Int:       It affects your intelligence (+4).
   Dex:       It affects your dexterity (+6).
   rC:        It protects you from cold.
   rN:        It protects you from negative energy.
   rCorr:     It protects you from acid and corrosion.
 Z - the ring "Yscholu" {rPois rC- rN+ Int+6}
   (You found it in the Dungeon)

   [ring of intelligence]

   Int:       It affects your intelligence (+6).
   rC:        It makes you vulnerable to cold.
   rPois:     It protects you from poison.
   rN:        It protects you from negative energy.
Wands
 u - a wand of roots (16)
Scrolls
 i - 6 scrolls of blinking
 l - 5 scrolls of amnesia
 m - a scroll of summoning
 x - 9 scrolls of identify
 A - 3 scrolls of brand weapon
 D - 3 scrolls of fear
 G - 5 scrolls of butterflies
Potions
 b - 5 potions of resistance
 c - a potion of ambrosia
 d - 14 potions of curing
 e - 16 potions of heal wounds
 f - 8 potions of haste
 g - 8 potions of magic
 h - 6 potions of berserk rage
 k - 3 potions of invisibility
 r - a potion of brilliance
 v - 2 potions of flight
 E - 5 potions of might
 F - 6 potions of mutation
 I - 2 potions of attraction


   Skills:
 O Level 27 Fighting
 O Level 27 Long Blades
 - Level 16.0 Axes
 - Level 13.4 Throwing
 O Level 27 Armour
 + Level 20.2 Dodging
 - Level 1.5 Stealth
 O Level 27 Shields
 O Level 27 Invocations
 - Level 14.5 Evocations


You had 17 spell levels left.
You didn't know any spells.
Your spell library contained the following spells:

 Spells                   Type           Power      Damage    Failure   Level
 Foxfire                  Conj/Fire      0%         2x1d4     32%         1
 Freeze                   Ice            0%         1d3       32%         1
 Magic Dart               Conj           0%         1d3       32%         1
 Slow                     Hex            0%         N/A       32%         1
 Summon Small Mammal      Summ           0%         N/A       32%         1
 Call Imp                 Summ           0%         N/A       45%         2
 Ensorcelled Hibernation  Hex/Ice        0%         N/A       45%         2
 Searing Ray              Conj           0%         2d4       45%         2
 Static Discharge         Conj/Air       0%         3-3/arc   45%         2
 Dazzling Flash           Conj/Hex       0%         N/A       69%         3
 Ignite Poison            Fire/Tmut/Pois 0%         N/A       69%         3
 Inner Flame              Hex/Fire       0%         N/A       69%         3
 Mephitic Cloud           Conj/Pois/Air  0%         N/A       69%         3
 Spider Form              Tmut/Pois      0%         N/A       69%         3
 Anguish                  Hex/Necr       0%         N/A       97%         4
 Animate Armour           Summ/Erth      0%         N/A       97%         4
 Cause Fear               Hex            0%         N/A       97%         4
 Corpse Rot               Necr/Pois/Air  0%         N/A       97%         4
 Fulminant Prism          Conj/Hex       0%         3d6       97%         4
 Hailstorm                Conj/Ice       0%         3d3       97%         4
 Ice Form                 Ice/Tmut       0%         N/A       97%         4
 Summon Lightning Spire   Summ/Air       0%         N/A       97%         4
 Alistair's Intoxication  Tmut/Pois      0%         N/A       100%        5
 Blade Hands              Tmut           0%         N/A       100%        5
 Borgnjor's Vile Clutch   Necr/Erth      0%         N/A       100%        5
 Fireball                 Conj/Fire      0%         3d3       100%        5
 Freezing Cloud           Conj/Ice/Air   0%         6-21      100%        5
 Iskenderun's Battlesphe  Conj           0%         2d6       100%        5
 Manifold Assault         Tloc           0%         N/A       100%        5
 Conjure Ball Lightning   Conj/Air       0%         3x3d6     100%        6
 Eringya's Noxious Bog    Tmut/Pois      0%         N/A       100%        6
 Iron Shot                Conj/Erth      0%         9d1       100%        6
 Simulacrum               Ice/Necr       0%         N/A       100%        6
 Starburst                Conj/Fire      0%         6d3       100%        6
 Summon Cactus Giant      Summ           0%         N/A       100%        6
 Dragon Form              Tmut           0%         N/A       100%        7
 Malign Gateway           Summ/Tloc      0%         N/A       100%        7
 Orb of Destruction       Conj           0%         9d5       100%        7
 Spellforged Servitor     Conj/Summ      0%         N/A       100%        7
 Ignition                 Fire           0%         3d3       100%        8
 Lehudib's Crystal Spear  Conj/Erth      0%         10d2      100%        8
 Chain Lightning          Conj/Air       0%         N/A       100%        9
 Dragon's Call            Summ           0%         N/A       100%        9


Dungeon Overview and Level Annotations

Branches:
Dungeon (1/1)

Altars:
Ashenzari
Cheibriados
Dithmenos
Elyvilon
Fedhas
Gozag
Hepliaklqana
Kikubaaqudgha
Makhleb
Nemelex Xobeh
Okawaru
Qazlal
Ru
Sif Muna
Trog
Uskayaw
Vehumet
Wu Jian
Xom
Yredelemnul
Zin
The Shining One
Beogh
Jiyva
Lugonu


Innate Abilities, Weirdness & Mutations

You are a bat.
You are tiny and dextrous.
You move quickly.
You are flying.
Your equipment is almost entirely melded.
You are incapable of wielding weapons or throwing items.
You cannot cast spells.
((You are partially covered in iridescent scales. (AC +2)))
You are clumsy. (Dex -2)
((Your flesh is heat resistant. (rF+)))


Message History

The ground shakes violently, spewing rubble!
The blast of rubble hits Margery!!!
You kill Margery!
Qazlal accepts your kill.
The blast of rubble hits the hell knight!!
You kill the hell knight!
Qazlal accepts your kill.
Ekoogof calls on the powers of darkness!
Your body is wracked with pain!
* * * LOW HITPOINT WARNING * * *
Your Dodging skill increases to level 20!
Unknown command.
You block Ekoogof's attack.
Things that are here:
a +0 war axe; a +0 cloak; a black draconian corpse You block Ekoogof's attack.
There is an open door here.
Ekoogof gestures.
Ekoogof flickers and vanishes!
Deactivating autopickup; reactivate with Ctrl-A.
There is a large open door to the Iron Vault (Extremely Hard) here.
Your protection from electricity is fading.
There is a large open door to the Iron Vault (Extremely Hard), spattered with blood here.
Items here: )) [ ÷.
Things that are here:
a +0 demon trident; a +0 plate armour; a yellow draconian skeleton
Aiming: Upheaval
Press: ? - help, Dir - move target The ground shakes violently, spewing rubble!
The blast of rubble hits something!!!
Unknown command.
Aiming: Upheaval
Press: ? - help, Dir - move target A storm cloud blasts the area with cutting wind!
Something hits you!!
* * * LOW HITPOINT WARNING * * *
Your resistance to electricity fades away.
You feel protected from physical attacks.
Something hits you!!!
You die...

#'# #)# ##.###†#
#...##.# #')###)#
###.#'# #.#
##.###.###'#
+...)...##.##
#+.##'.##.○.#
###.##''{b.# ##
####)##
################)#
.......)......##)#
..............##'#
....###.†.....##)#
....#....#....##=#
....#)...#....##.#
.))))..###....##'#


There were no monsters in sight!

Vanquished Creatures
  Dissolution (D)
  Tiamat (D)
  An ancient lich (D)
  Mara (D)
  Boris (D)
  Frederick (D)
  the Lernaean hydra (D)
  Xtahua (D)
  A Killer Klown (D)
  Margery (D)
  A profane servitor (D)
  2 golden dragons (D)
  A pearl dragon (D)
  An electric golem (D)
  A Brimstone Fiend (D)
  7 Orb Guardians (D)
  2 Ice Fiends (D)
  2 liches (D)
  2 deep elf blademasters (D)
  A titan (D)
  A deep elf master archer (D)
  A quicksilver dragon (D)
  3 acid blobs (D)
  Frances (D)
  3 sphinxes (D)
  Kirke (D)
  Gastronok (D)
  2 shadow dragons (D)
  Agnes (D)
  A draconian monk (D)
  2 draconian knights (D)
  2 rockslimes (D)
  2 fire giants (D)
  An iron dragon (D)
  A draconian scorcher (D)
  A deep elf sorcerer (D)
  2 nagarajas (D)
  Louise (D)
  13 orc warlords (D)
  A balrug (D)
  A cacodemon (D)
  2 spriggan defenders (D)
  2 draconian annihilators (D)
  4 ghouls (D)
  3 war gargoyles (D)
  A draconian shifter (D)
  A reaper (D)
  2 draconian stormcallers (D)
  A vampire knight (D)
  A stone giant (D)
  2 deep elf annihilators (D)
  3 green draconians (D)
  Azrael (D)
  A dire elephant (D)
  5 apis (D)
  A black draconian (D)
  4 deep elf demonologists (D)
  2 purple draconians (D)
  A lorocyproca (D)
  A white draconian (D)
  2 red draconians (D)
  3 deep elf death magi (D)
  2 blizzard demons (D)
  3 yellow draconians (D)
  A minotaur (D)
  2 ettins (D)
  2 merfolk javelineers (D)
  2 green deaths (D)
  A mummy priest (D)
  2 fire dragons (D)
  2 deep elf high priests (D)
  A rakshasa (D)
  Harold (D)
  3 vault guards (D)
  4 hydras (D)
  2 spriggan air magi (D)
  3 hell beasts (D)
  An ice dragon (D)
  2 ogre magi (D)
  5 two-headed ogres (D)
  An alligator (D)
  2 naga warriors (D)
  Urug (D)
  2 vampire magi (D)
  2 deep troll shamans (D)
  8 orc high priests (D)
  Nergalle (D)
  8 hell knights (D)
  2 iron trolls (D)
  A deep elf knight (D)
  A sixfirhy (D)
  3 cherubim (D)
  2 sea snakes (D)
  4 deep trolls (D)
  An orb spider (shapeshifter) (D)
  A swamp dragon (D)
  A bog body (D)
  3 lindwurms (D)
  2 deep elf zephyrmancers (D)
  A wolf spider (D)
  31 orc knights (D)
  7 necromancers (D)
  4 orc sorcerers (D)
  3 manticores (D)
  An ugly thing (D)
  A cyclops (D)
  Maurice (D)
  A salamander (D)
  2 rust devils (D)
  An elephant (D)
  A black mamba (D)
  A smoke demon (D)
  An eye of devastation (D)
  A gargoyle (D)
  3 naga magi (D)
  A cane toad (D)
  2 unseen horrors (D)
  A rime drake (D)
  5 yaktaurs (D)
  A kobold demonologist (D)
  A freezing wraith (D)
  4 ice devils (D)
  A hellwing (D)
  A red devil (D)
  2 tormentors (D)
  A wandering mushroom (D)
  A tyrant leech (D)
  A troll (shapeshifter) (D)
  3 trolls (D)
  2 wind drakes (D)
  6 merfolk (D)
  3 blink frogs (D)
  2 large abominations (D)
  A hornet (D)
  A snapping turtle (D)
  2 air elementals (D)
  A jumping spider (D)
  A vampire (D)
  A culicivora (D)
  A basilisk (D)
  2 fire elementals (D)
  A chaos spawn (D)
  5 redbacks (D)
  A steam dragon (D)
  4 vampire mosquitoes (D)
  A naga (D)
  3 wargs (D)
  4 hell hounds (D)
  A water moccasin (D)
  2 floating eyes (D)
  A sky beast (D)
  An ice beast (D)
  17 orc warriors (D)
  2 ogres (D)
  A kobold brigand (D)
  A bullfrog (D)
  A necrophage (D)
  2 earth elementals (D)
  4 killer bees (D)
  2 crimson imps (D)
  2 iron imps (D)
  2 iguanas (D)
  2 orc wizards (D)
  2 gnolls (D)
  An adder (D)
  A river rat (D)
  An ufetubus (D)
  An adder zombie (D)
  An adder skeleton (D)
  A worm (D)
  8 orcs (D)
  2 ball pythons (D)
  A giant cockroach (D)
  A goblin (D)
  A quokka (D)
  A giant cockroach zombie (D)
  A quokka simulacrum (D)
  A quokka skeleton (D)
  A rat (D)
393 creatures vanquished.

Vanquished Creatures (collateral kills)
  A daeva (D)
  A rockslime (D)
  A centaur warrior (D)
  A freezing wraith (D)
  A yaktaur (D)
  A tyrant leech (D)
6 creatures vanquished.

Vanquished Creatures (others)
  A ghost moth (D)
  3 humans (D)
  A ball python zombie (D)
5 creatures vanquished.

Grand Total: 404 creatures vanquished

Notes
Turn   | Place    | Note
-------+----------+-------------------------------------------
     0 | D        | Hubris850 the Hill Orc Monk began the quest for the Orb.
     0 | D        | Reached XP level 1. HP: 19/19 MP: 1/1
   140 | D        | Found a glowing golden altar of the Shining One.
   140 | D        | Found a glowing silver altar of Zin.
   140 | D        | Found a basalt altar of Yredelemnul.
   140 | D        | Found a shimmering altar of Xom.
   140 | D        | Found an ornate altar of the Wu Jian Council.
   140 | D        | Found a bloodstained altar of Trog.
   140 | D        | Found a shimmering blue altar of Sif Muna.
   140 | D        | Found a sacrificial altar of Ru.
   140 | D        | Found a stormy altar of Qazlal.
   140 | D        | Found an iron altar of Okawaru.
   140 | D        | Found a sparkling altar of Nemelex Xobeh.
   140 | D        | Found a burning altar of Makhleb.
   140 | D        | Found a viscous altar of Jiyva.
   140 | D        | Found a hazy altar of Hepliaklqana.
   140 | D        | Found an opulent altar of Gozag.
   140 | D        | Found a blossoming altar of Fedhas.
   140 | D        | Found a white marble altar of Elyvilon.
   140 | D        | Found a shadowy altar of Dithmenos.
   140 | D        | Found a snail-covered altar of Cheibriados.
   141 | D        | Found a radiant altar of Vehumet.
   141 | D        | Found a corrupted altar of Lugonu.
   141 | D        | Found a roughly hewn altar of Beogh.
   142 | D        | Found an ancient bone altar of Kikubaaqudgha.
   142 | D        | Found a hide-covered altar of Uskayaw.
   142 | D        | Found a broken altar of Ashenzari.
   145 | D        | Became a worshipper of Qazlal Stormbringer
   145 | D        | Reached * piety under Qazlal
   145 | D        | Reached ** piety under Qazlal
   154 | D        | Noticed a floating eye
   155 | D        | Paralysed by a floating eye for 2 turns
   159 | D        | Killed a floating eye
   160 | D        | Reached XP level 2. HP: 26/26 MP: 2/2
   160 | D        | Reached XP level 3. HP: 31/31 MP: 3/3
   160 | D        | Reached XP level 4. HP: 39/39 MP: 4/4
   168 | D        | Reached skill level 1 in Invocations
   217 | D        | Reached XP level 5. HP: 45/45 MP: 6/6
   220 | D        | Reached *** piety under Qazlal
   229 | D        | Reached skill level 5 in Invocations
   393 | D        | Reached skill level 1 in Armour
   393 | D        | Reached **** piety under Qazlal
   394 | D        | Reached XP level 6. HP: 51/51 MP: 3/11
   453 | D        | Reached ***** piety under Qazlal
   454 | D        | Reached skill level 5 in Armour
   702 | D        | Noticed an ice beast
   721 | D        | Killed an ice beast
   722 | D        | Reached skill level 5 in Fighting
   722 | D        | Reached XP level 7. HP: 26/61 MP: 12/14
   921 | D        | Reached skill level 10 in Invocations
   972 | D        | Noticed a warg
   972 | D        | Noticed a basilisk
   973 | D        | Killed a warg
   973 | D        | Killed a basilisk
  1144 | D        | Noticed a sea snake
  1151 | D        | Killed a sea snake
  1152 | D        | Reached skill level 15 in Invocations
  1152 | D        | Reached XP level 8. HP: 50/74 MP: 15/19
  1152 | D        | Killed an unseen horror
  1153 | D        | Reached XP level 9. HP: 56/82 MP: 12/21
  1270 | D        | Noticed a bog body
  1275 | D        | Killed a bog body
  1277 | D        | Noticed Harold
  1279 | D        | Noticed Maurice
  1281 | D        | Killed Harold
  1281 | D        | Noticed a tyrant leech
  1282 | D        | Reached skill level 10 in Fighting
  1282 | D        | Reached skill level 15 in Axes
  1289 | D        | Killed Maurice
  1290 | D        | Reached skill level 10 in Armour
  1290 | D        | Reached skill level 5 in Dodging
  1291 | D        | Killed a tyrant leech
  1292 | D        | Reached XP level 10. HP: 52/94 MP: 3/22
  1372 | D        | Reached ****** piety under Qazlal
  1425 | D        | Noticed a deep elf zephyrmancer
  1441 | D        | Killed a deep elf zephyrmancer
  1627 | D        | Noticed a deep elf zephyrmancer
  1628 | D        | Killed a deep elf zephyrmancer
  1743 | D        | Noticed a sea snake
  1743 | D        | Noticed a lindwurm
  1752 | D        | Killed a sea snake
  1753 | D        | Killed a lindwurm
  1754 | D        | Reached XP level 11. HP: 106/106 MP: 21/24
  1871 | D        | Noticed a manticore
  1871 | D        | Noticed a cyclops
  1876 | D        | Killed a manticore
  1878 | D        | Killed a cyclops
  1973 | D        | Noticed Nergalle
  1975 | D        | Killed Nergalle
  1977 | D        | Noticed Gastronok
  1994 | D        | Killed Gastronok
  1995 | D        | Reached skill level 15 in Fighting
  2073 | D        | Gained mutation: Your magical capacity is low. (-10% MP)
                  | [potion of mutation]
  2073 | D        | Gained mutation: You sometimes lose your temper in combat.
                  | [potion of mutation]
  2073 | D        | Gained mutation: Your flesh is heat resistant. (rF+)
                  | [potion of mutation]
  2074 | D        | Lost mutation: Your magical capacity is low. (-10% MP)
                  | [potion of mutation]
  2074 | D        | Lost mutation: You sometimes lose your temper in combat.
                  | [potion of mutation]
  2074 | D        | Gained mutation: You are clumsy. (Dex -2) [potion of
                  | mutation]
  2074 | D        | Gained mutation: You are partially covered in iridescent
                  | scales. (AC +2) [potion of mutation]
  2153 | D        | Noticed a rakshasa
  2162 | D        | Killed a rakshasa
  2183 | D        | Reached skill level 15 in Armour
  2332 | D        | Noticed a manticore
  2334 | D        | Noticed a manticore
  2339 | D        | Killed a manticore
  2340 | D        | Reached XP level 12. HP: 122/122 MP: 26/26
  2358 | D        | Noticed Urug
  2372 | D        | Killed Urug
  2381 | D        | Noticed Azrael
  2407 | D        | Killed Azrael
  2711 | D        | Noticed an orc warlord
  2711 | D        | Noticed an orc warlord
  2711 | D        | Noticed a naga warrior
  2712 | D        | Noticed a deep elf blademaster
  2713 | D        | Noticed a merfolk javelineer
  2713 | D        | Killed a deep elf knight
  2713 | D        | Killed an orc warlord
  2713 | D        | Noticed a hell beast
  2713 | D        | Noticed a vault guard
  2715 | D        | Noticed a naga warrior
  2715 | D        | Killed a naga warrior
  2717 | D        | Killed an orc warlord
  2717 | D        | Killed a merfolk javelineer
  2717 | D        | Killed a naga warrior
  2717 | D        | Killed a hell beast
  2717 | D        | Killed a vault guard
  2718 | D        | Reached XP level 13. HP: 94/140 MP: 11/29
  2720 | D        | Killed a deep elf blademaster
  2721 | D        | Noticed a daeva
  2735 | D        | Killed a daeva
  2753 | D        | Noticed a vault guard
  2762 | D        | Killed a vault guard
  2974 | D        | Noticed a vault guard
  2991 | D        | Killed a vault guard
  3019 | D        | Got the +1 pair of gloves "Ajiolef" {+Inv rF+ Dex-3}
  3037 | D        | Found the +3 pair of gauntlets of War {Slay+5}
  3066 | D        | Got the +1 cloak "Valargh" {-Cast rPois Will+++ Int-5}
  3229 | D        | Identified the +7 double sword of Past Mistakes {vorpal,
                  | Fly Str+2}
  3230 | D        | Noticed a deep elf demonologist
  3235 | D        | Reached skill level 5 in Shields
  3237 | D        | Killed a ghost moth
  3239 | D        | Noticed Kirke
  3244 | D        | Reached skill level 5 in Long Blades
  3248 | D        | Killed Kirke
  3259 | D        | Noticed a Hell Sentinel
  3260 | D        | Noticed a Hell Sentinel
  3264 | D        | Killed a deep elf demonologist
  3265 | D        | Reached skill level 10 in Long Blades
  3286 | D        | Killed a lorocyproca
  3287 | D        | Reached XP level 14. HP: 75/151 MP: 1/30
  3711 | D        | Noticed a yellow draconian annihilator
  3711 | D        | Noticed a sphinx
  3712 | D        | Noticed a green draconian monk
  3713 | D        | Noticed a deep elf sorcerer
  3715 | D        | Noticed a green draconian
  3715 | D        | Noticed a red draconian
  3716 | D        | Noticed a black draconian knight
  3721 | D        | Killed a green draconian
  3721 | D        | Killed a red draconian
  3721 | D        | Killed a deep elf sorcerer
  3721 | D        | Killed a ghostly green draconian
  3721 | D        | Killed a lich
  3721 | D        | Killed a black draconian knight
  3721 | D        | Killed a yellow draconian annihilator
  3723 | D        | Noticed Frederick
  3723 | D        | Killed a green draconian monk
  3731 | D        | Killed a sphinx
  3731 | D        | Killed a ghostly green draconian monk
  3760 | D        | Killed Frederick
  4052 | D        | Noticed a purple draconian
  4052 | D        | Noticed a deep elf demonologist
  4052 | D        | Noticed a lich
  4054 | D        | Noticed a deep elf annihilator
  4056 | D        | Killed a deep elf demonologist
  4056 | D        | Killed a purple draconian
  4056 | D        | Killed a deep elf annihilator
  4056 | D        | Killed a lich
  4060 | D        | Noticed a shadow dragon
  4071 | D        | Noticed Boris
  4076 | D        | Killed a shadow dragon
  4088 | D        | Killed Boris
  4089 | D        | Reached skill level 15 in Shields
  4099 | D        | Noticed an apis
  4110 | D        | Killed an apis
  4528 | D        | Got Akkuilimm's Spellbook of the Barrage
  4530 | D        | Got Owoe's Codex of Toxicity
  4550 | D        | Got the Parchment of Baleful Glaciation
  4558 | D        | Got the Almanac of the Remoulded Atmosphere
  4575 | D        | Got the ring "Loededag" {rElec Int+6}
  4577 | D        | Got the ring of Enoxkik {+Blink rF+ AC+6 SInv}
  4579 | D        | Got the ring "Cyustir" {rElec Str+6}
  4581 | D        | Got the ring of the Catamount {Fire Int+2 Dex+4 Stlth+}
  4583 | D        | Got the ring "Reguth" {+Blink rElec rN+ rCorr Str-5}
  4585 | D        | Got the ring of Cubryet {Drain rC++ rN+ Str+6 Int+3}
  4587 | D        | Got the ring of Jiulimmo {rC+ rN+ rCorr Int+4 Dex+6}
  4590 | D        | Got the ring "Yscholu" {rPois rC- rN+ Int+6}
  4618 | D        | Got the ring "Waratul" {Wiz rElec Dex-4 Stlth+}
  4620 | D        | Got the ring of Haiqir {Fire Int-3 Dex+5}
  4622 | D        | Got the ring "Ifyw" {Will+ rCorr AC+6 Dex+2}
  4624 | D        | Got the ring "Ynlepeyloz" {Fire Will++}
  4626 | D        | Got the ring of Dayrogy {rPois rN+ Will+ Str+4 Dex-2}
  4628 | D        | Got the ring of Makhleb's Outrage {rC+ Will+ Int+2}
  4668 | D        | Got the ring of Sitad {Str+6 Slay+5}
  4670 | D        | Got the amulet of Kagienix {Harm Regen+ Int+2}
  4672 | D        | Got the amulet of Doghig {Acrobat Int+5}
  4674 | D        | Got the amulet of Beauty {Faith Str+4}
  4676 | D        | Got the amulet of Creativity {RegenMP rN+ Int-2 Slay+2}
  4678 | D        | Got the ring "Kazaqex" {rF+ Str+6}
  4768 | D        | Noticed Frances
  4768 | D        | Noticed Agnes
  4769 | D        | Killed Agnes
  4769 | D        | Killed Frances
  4770 | D        | Reached XP level 15. HP: 146/158 MP: 22/31
  4861 | D        | Noticed a cacodemon
  4872 | D        | Killed a cacodemon
  4942 | D        | Noticed a deep elf blademaster
  4945 | D        | Noticed a nagaraja
  4945 | D        | Noticed a red draconian scorcher
  4948 | D        | Killed a deep elf blademaster
  4954 | D        | Killed a nagaraja
  4954 | D        | Killed a red draconian scorcher
  4957 | D        | Reached XP level 16. HP: 55/177 MP: 7/32
  5074 | D        | Got Gafev's Encyclopedia of Baneful Charms
  5240 | D        | Reached skill level 27 in Fighting
  5240 | D        | Reached skill level 27 in Invocations
  5245 | D        | Reached skill level 27 in Long Blades
  5314 | D        | Got a silver rune of Zot
  5322 | D        | Got the Anthology of Concussion and Formation
  5342 | D        | Got the Grimoire of the Hummingbird
  5354 | D        | Got the Precepts of Unified Shifting
  5409 | D        | Noticed a shadow dragon
  5410 | D        | Noticed an acid blob
  5410 | D        | Noticed a golden dragon
  5415 | D        | Killed a shadow dragon
  5417 | D        | Noticed a profane servitor
  5420 | D        | Killed an acid blob
  5420 | D        | Killed a profane servitor
  5420 | D        | Killed a golden dragon
  5425 | D        | Reached skill level 10 in Evocations
  5477 | D        | Noticed an Orb Guardian
  5477 | D        | Noticed an Orb Guardian
  5477 | D        | Noticed an Orb Guardian
  5477 | D        | Noticed an Orb Guardian
  5477 | D        | Noticed Mara
  5478 | D        | Noticed an Orb Guardian
  5479 | D        | Killed an Orb Guardian
  5479 | D        | Killed an Orb Guardian
  5479 | D        | Killed an Orb Guardian
  5479 | D        | Killed an Orb Guardian
  5479 | D        | Noticed an Ice Fiend
  5480 | D        | Reached XP level 17. HP: 191/191 MP: 25/34
  5483 | D        | Noticed an Orb Guardian
  5483 | D        | Noticed an Orb Guardian
  5485 | D        | Noticed Hubris850's illusion
  5487 | D        | Killed an Orb Guardian
  5487 | D        | Killed an Orb Guardian
  5487 | D        | Killed an Orb Guardian
  5499 | D        | Killed an Ice Fiend
  5546 | D        | Killed Mara
  5636 | D        | Noticed an ancient lich
  5640 | D        | Killed an ancient lich
  5746 | D        | Noticed a quicksilver dragon
  5746 | D        | Noticed a sphinx
  5747 | D        | Noticed a Tzitzimitl
  5749 | D        | Killed a sphinx
  5749 | D        | Killed a quicksilver dragon
  5750 | D        | Reached skill level 10 in Dodging
  5755 | D        | Noticed an acid blob
  5757 | D        | Noticed a sphinx
  5759 | D        | Killed an acid blob
  5759 | D        | Killed a sphinx
  5761 | D        | Noticed a deep elf master archer
  5763 | D        | Killed a deep elf master archer
  5811 | D        | Noticed Xtahua
  5822 | D        | Noticed an electric golem
  5828 | D        | Killed Xtahua
  5829 | D        | Noticed an Ice Fiend
  5832 | D        | Killed an Ice Fiend
  5839 | D        | Reached XP level 18. HP: 145/200 MP: 15/35
  5839 | D        | Killed an electric golem
  5842 | D        | Noticed Louise
  5849 | D        | Noticed the 27-headed Lernaean hydra
  5852 | D        | Killed the 27-headed Lernaean hydra
  5872 | D        | Killed Louise
  6111 | D        | Got the ring of Hugesitzo {rPois rF+ Will+ rCorr Dex-2}
  6113 | D        | Got the ring "Vavus" {AC+4 Int+5}
  6115 | D        | Got the ring of Ompez {Fly Str+3}
  6117 | D        | Got the ring of Untruth {+Blink Str-5 Int+6 Dex+4}
  6202 | D        | Reached skill level 15 in Dodging
  6203 | D        | Noticed a golden dragon
  6210 | D        | Killed a golden dragon
  6334 | D        | Found the +4 dragonskin cloak
  6334 | D        | Noticed Tiamat
  6389 | D        | Killed Tiamat
  6413 | D        | Reached skill level 27 in Shields
  6428 | D        | Noticed a pearl dragon
  6435 | D        | Killed a pearl dragon
  6504 | D        | Noticed a titan
  6512 | D        | Killed a titan
  6523 | D        | Noticed a Brimstone Fiend
  6528 | D        | Killed a Brimstone Fiend
  6578 | D        | Noticed Dissolution
  6587 | D        | Killed Dissolution
  6588 | D        | Reached skill level 27 in Armour
  6611 | D        | Noticed a Killer Klown
  6640 | D        | Killed a Killer Klown
  6657 | D        | Noticed Ekoogof the pandemonium lord
  6658 | D        | Noticed Margery
  6659 | D        | Killed Margery
  6671 | D        | Annihilated by Ekoogof the pandemonium lord

Illustrated notes

Levels and vault maps discovered:
D:        pitsprint [storerooms_1, entrance_room_1, metal_vault_5, armoury_3,
          mini_pit_1, grid_room_1, main_hall_1, silver_pit, the_coven_1,
          the_vestibule_1, steel_vault_2, golden_pit, hallway_of_sentries,
          crystal_vault_5, iron_vault_2, final_vault]

Skill      XL: |  1  2  3  4  5  6  7  8  9 10 11 12 13 14 15 16 17 18 |
---------------+-------------------------------------------------------+-----
Axes           | 12 14 15 16 | 16.0
Invocations    | 1 6 9 15 16 17 19 21 25 27 | 27.0
Armour         | 2 6 8 10 12 15 19 23 27 | 27.0
Fighting       | 5 8 10 12 16 20 21 24 27 | 27.0
Dodging        | 3 5 7 8 13 20 | 20.2
Shields        | 8 18 22 25 27 | 27.0
Long Blades    | 10 18 22 27 | 27.0
Throwing       | 11 13 | 13.4
Evocations     | 12 14 | 14.5
Stealth        | |  1.5

Action                   |  1- 3 |  4- 6 |  7- 9 | 10-12 | 13-15 | 16-18 || total
-------------------------+-------+-------+-------+-------+-------+-------++-------
Melee: Hand axe          |     6 |    88 |    23 |       |       |       ||   117
       War axe           |       |       |     8 |   142 |    15 |       ||   165
       Punch             |       |       |       |     3 |       |       ||     3
       Eudemon blade     |       |       |       |       |   226 |   305 ||   531
Throw: Javelin           |       |       |       |       |     7 |       ||     7
       Throwing net      |       |       |       |       |     1 |       ||     1
Invok: Upheaval          |       |     5 |     8 |     9 |     6 |    21 ||    49
       Disaster Area     |       |       |     1 |     3 |     8 |     8 ||    20
       Elemental Force   |       |       |       |       |     2 |     1 ||     3
  Use: Potion            |       |       |       |     2 |    11 |     7 ||    20
       Scroll            |       |       |       |     2 |     5 |     4 ||    11
 Stab: Sleeping          |     1 |       |       |       |       |       ||     1
Armor: Chain mail        |       |    24 |     4 |       |       |       ||    28
       Plate armour      |       |       |     2 |    62 |     7 |       ||    71
       Shadow dragon sca |       |       |       |       |   137 |    73 ||   210
Dodge: Dodged            |       |    10 |     3 |    43 |    66 |    53 ||   175
       Repelled          |       |       |       |     2 |     1 |    10 ||    13
Block: Other             |       |    10 |     6 |    67 |     6 |     2 ||    91
       Reflection        |       |       |       |     1 |     7 |       ||     8
       Tower shield      |       |       |       |       |   383 |   349 ||   732

Table legend: (Time is in decaauts)
 A = Elapsed time spent in this place.
 B = Non-inter-level travel time spent in this place.
 C = Inter-level travel time spent in this place.
 D = Time resting spent in this place.
 E = Time spent auto-exploring this place.
 F = Levels seen in this place.
 G = Mean time per level.
                   A        B        C        D        E       F      G
               +--------+--------+--------+--------+--------+-----+--------+
         Total |   6431 |   6275 |    156 |   3465 |      0 |   1 | 6431.0 |
       Dungeon |   6431 |   6275 |    156 |   3465 |      0 |   1 | 6431.0 |
               +--------+--------+--------+--------+--------+-----+--------+

Top non-repeatable levels by time:
       D: 6431 daAuts
